 Dungeon Sprint DCSS version 0.17-a0-1515-gfae3d72 (webtiles) character file.

23149 Kidiri the Unseen (level 12, -93/51 HPs)
             Began as a Spriggan Enchanter on July 12, 2015.
             Was the Champion of Dithmenos.
             Blown up by Boris (114 damage)
             ... with an orb of destruction
             ... in the Dungeon (Sprint III: "The Ten Rune Challenge").
             The game lasted 00:53:56 (5395 turns).

Kidiri the Unseen (Spriggan Enchanter)              Turns: 5395, Time: 00:53:56

Health: -93/51     AC:  5    Str:  4      XL:     12   Next: 69%
Magic:  16/32      EV: 37    Int: 24      God:    Dithmenos [******]
Gold:   3394       SH:  0    Dex: 24 (25) Spells: 10 memorised, 6 levels left

rFire  . . .     SeeInvis +     e - +2 dagger (speed)
rCold  . . .     Clarity  .     b - +1 robe
rNeg   . . .     SustAt   .     (shield restricted)
rPois  +         Gourm    .     (helmet restricted)
rElec  +         Spirit   .     (no cloak)
rCorr  .         Warding  .     (gloves unavailable)
rMut   .         Stasis   +     (boots unavailable)
MR     ++...                    k - amulet of Xom's Sleight of Hands {Stasis rElec Int+5}
Stlth  ++++++++++               (no ring)
                                w - ring of Guilluin {Wiz rElec MR- Dex+6}

@: very slightly contaminated, wreathed by umbra, drained, invisible (expiring),
very quick, very resistant to hostile enchantments, uncannily stealthy
A: unfitting armour, thin metallic scales 1, see invisible, deterioration 1,
herbivore 3, speed 3, magic resistance 1, poison resistance, slow metabolism 2
a: Shadow Step, Shadow Form, Renounce Religion


You were in the Dungeon.
You worshipped Dithmenos.
Dithmenos was exalted by your worship.
You were not hungry.

You visited 1 branch You collected 4811 gold pieces.
You spent 1417 gold pieces at shops.

Inventory:

Hand weapons
 e - a +2 dagger of speed (weapon)
Missiles
 u - 10 throwing nets (quivered)
Armour
 b - a +1 robe (worn)
Jewellery
 k - the amulet of Xom's Sleight of Hands (around neck) {Stasis rElec Int+5}
   (You bought it in a shop in the Dungeon)

   [amulet of stasis]

   It prevents you from being teleported, slowed, hasted or paralysed.
   It affects your intelligence (+5).
   It insulates you from electricity.
 w - the ring of Guilluin (left hand) {Wiz rElec MR- Dex+6}
   (You bought it in a shop in the Dungeon)

   [ring of wizardry]

   It improves your spell success rate.
   It affects your dexterity (+6).
   It insulates you from electricity.
   It affects your resistance to hostile enchantments.
Magical devices
 j - a wand of polymorph (3)
Scrolls
 p - a scroll of remove curse
 t - a scroll of holy word {unknown}
Potions
 g - a potion of haste
 h - a potion of magic
 i - a potion of berserk rage
 o - a potion of cure mutation
 r - 3 potions of flight
 s - a potion of ambrosia
Books
 c - a book of Maledictions

   Spells                             Type                      Level
   a - Corona                         Hexes                        1
   b - Ensorcelled Hibernation        Hexes/Ice                    2
   c - Confuse                        Hexes                        3
   d - Tukima's Dance                 Hexes                        3
   e - Dazzling Spray                 Conjuration/Hexes            3
 l - a book of the Earth

   Spells                             Type                      Level
   a - Leda's Liquefaction            Hexes/Earth                  4
   b - Bolt of Magma                  Conjuration/Fire/Earth       5
   c - Statue Form                    Transmutation/Earth          6
   d - Iron Shot                      Conjuration/Earth            6
   e - Shatter                        Earth                        9
 m - a book of Burglary

   Spells                             Type                      Level
   a - Swiftness                      Charms/Air                   2
   b - Passwall                       Transmutation/Earth          3
   c - Passage of Golubria            Translocation                4
   d - Lee's Rapid Deconstruction     Earth                        5
   e - Invisibility                   Hexes                        6
   f - Darkness                       Hexes                        7
Comestibles
 d - a bread ration
 q - 29 royal jellies


   Skills:
 + Level 10.5(10.1) Short Blades
 * Level 17.9(17.4) Dodging
 * Level 19.6(19.1) Stealth
 * Level 15.6(15.2) Spellcasting
 + Level 7.2(6.8) Conjurations
 + Level 11.9(11.4) Hexes
 + Level 11.4(11.0) Translocations
 + Level 11.0(10.6) Transmutations
 + Level 8.1(7.7) Ice Magic
 + Level 7.6(7.2) Earth Magic
 - Level 7.9(7.5) Invocations


You had 6 spell levels left.
You knew the following spells:

 Your Spells              Type           Power        Failure   Level  Hunger
a - Corona                Hex            ######.      1%          1    None
b - Ensorcelled Hibernat  Hex/Ice        ######       1%          2    None
c - Confuse               Hex            ######..     1%          3    None
d - Tukima's Dance        Hex            ######..     1%          3    None
e - Dazzling Spray        Conj/Hex       ######..     1%          3    None
f - Passwall              Trmt/Erth      ######....   1%          3    None
g - Passage of Golubria   Tloc           N/A          1%          4    None
h - Lee's Rapid Deconstr  Erth           ######....   1%          5    ##.....
i - Invisibility          Hex            ######..     2%          6    ####...
j - Iron Shot             Conj/Erth      ######....   12%         6    ####...


Dungeon Overview and Level Annotations

Branches:
Dungeon (1/1)

Altars:
Cheibriados
Dithmenos
Elyvilon
Fedhas
Gozag
Kikubaaqudgha
Makhleb
Nemelex Xobeh
Okawaru
Qazlal
Ru
Sif Muna
Trog
Vehumet
Xom
Yredelemnul
Zin
The Shining One
Jiyva
Lugonu

Shops:
D ![:([:?}=%:!?

Annotations:
D exclusion: 3 statues, Boris


Innate Abilities, Weirdness & Mutations

You are tiny and cannot use many weapons and most armour.
You have supernaturally acute eyesight.
You are a herbivore.
You cover ground extremely quickly.
You need consume almost no food.
You are partially covered in thin metallic scales (AC +2).
Your body sometimes deteriorates upon taking damage.
You are resistant to hostile enchantments.
Your system is resistant to poisons.


Message History

Boris is heavily damaged.
Your shadow mimicks your spell!
The shadow shard hits Boris.
Boris gestures wildly while chanting.
Boris flickers and vanishes for a moment.
Casting: Dazzling Spray
Confirm with . or Enter, or press ? or * to list all spells.
Aiming: Dazzling Spray
Press: ? - help, Shift-Dir - straight line, f/p - Boris
Aim: Boris, wearing an embroidered robe (black smoke, severely damaged, slightly transparent, umbra)
The spray of energy hits Boris.
Boris is severely damaged.
Your shadow mimicks your spell!
The shadow shard misses Boris.
Boris launches a ball of destructive magic.
You flicker for a moment.
There is an open door here.
The orb of destruction hits you!
Ouch! That really hurt!
You die...

♣♣♣##)######## ♣♣
#..('(≈§≈§# §##
#.....≈≈≈≈# #§#
#)..#§#≈≈≈# §##+
#####.#.≈≈§# §§§#
#..)..# #≈≈≈≈ #§§#
#....P# .≈≈§ ####
#....P# #≈≈
#.@..P# .§ #§#####
### #§§...+ ##.#
#§#############..+
#L#§§.........+..#
#§#.§§.§..########
#.#.§§§.###.∩⌠⌠∩.#
#§#§§§§##§#.∩⌠⌠∩.#
#§#§###§§§#.∩∩∩∩.#


You could see Boris (invisible).

Vanquished Creatures
  Rupert (D)
  Dowan (D)
  Maud (D)
  2 yaktaur captains (D)
  Erolcha (D)
  5 orc high priests (D)
  2 deep elf knights (D)
  A skeletal warrior (D)
  2 deep elf summoners (D)
  An obsidian statue (D)
  A lindwurm (D)
  2 orc sorcerers (D)
  2 crystal guardians (D)
  A hornet (D)
  A statue (D)
  Duvessa (D)
  A yaktaur (D)
  2 spiny frogs (D)
  A fire drake (D)
  An anaconda simulacrum (D)
  2 deep elf priests (D)
  A komodo dragon (D)
  A queen bee (D)
  4 spriggan defenders (D)
  5 blink frogs (D)
  3 wandering mushrooms (D)
  A shadow (D)
  4 redbacks (D)
  2 trapdoor spiders (D)
  2 hill giants (D)
  A spatial vortex (D)
  A swamp drake (D)
  2 orc warriors (D)
  A necrophage (D)
  2 brain worms (D)
  3 two-headed ogres (D)
  A water elemental (D)
  32 killer bees (D)
  A jelly (D)
  An orc priest (D)
  A necromancer (D)
  A wizard (D)
  4 orc wizards (D)
  3 humans (D)
  A kobold demonologist (D)
  2 oozes (D)
  A phantom (D)
  6 orcs (D)
  A goblin (D)
  2 rats (D)
  3 plants (D)
125 creatures vanquished.

Vanquished Creatures (others)
  2 draconian scorchers (D)
  3 yaktaurs (D)
  A wasp (D)
  An orc (D)
  25 plants (D)
32 creatures vanquished.

Grand Total: 157 creatures vanquished

Notes
Turn   | Place    | Note
--------------------------------------------------------------
     0 | D        | Kidiri the Spriggan Enchanter began the quest for the Orb.
     0 | D        | Reached XP level 1. HP: 9/9 MP: 5/5
     5 | D        | Reached skill level 5 in Stealth
    13 | D        | Reached XP level 2. HP: 13/13 MP: 7/7
    17 | D        | Learned a level 2 spell: Ensorcelled Hibernation
    56 | D        | Reached skill level 6 in Stealth
    78 | D        | Reached skill level 5 in Dodging
    78 | D        | Reached skill level 1 in Ice Magic
    78 | D        | Reached XP level 3. HP: 16/16 MP: 3/9
    83 | D        | Learned a level 3 spell: Confuse
    87 | D        | Learned a level 3 spell: Tukima's Dance
    88 | D        | Killed a yaktaur
   123 | D        | Gained mutation: You are resistant to hostile enchantments. [potion of mutation]
   123 | D        | Gained mutation: You are highly resistant to hostile enchantments. [potion of mutation]
   123 | D        | Lost mutation: You are highly resistant to hostile enchantments. [potion of mutation]
   124 | D        | Gained mutation: Your system is resistant to poisons. [potion of mutation]
   124 | D        | Gained mutation: Your body sometimes deteriorates upon taking damage. [potion of mutation]
   124 | D        | Gained mutation: You are partially covered in thin metallic scales (AC +2). [potion of mutation]
   125 | D        | Reached skill level 7 in Dodging
   125 | D        | Reached skill level 9 in Stealth
   125 | D        | Reached skill level 5 in Hexes
   125 | D        | Reached XP level 4. HP: 21/21 MP: 7/13
   130 | D        | Learned a level 3 spell: Dazzling Spray
   204 | D        | Noticed a water elemental
   207 | D        | Killed a water elemental
   207 | D        | Reached skill level 10 in Stealth
   217 | D        | Noticed a jelly
   218 | D        | Noticed a shadow
   225 | D        | Killed a jelly
   225 | D        | Reached XP level 5. HP: 24/24 MP: 11/15
   234 | D        | Killed a shadow
   234 | D        | Reached skill level 5 in Short Blades
   234 | D        | Reached skill level 11 in Stealth
   234 | D        | Reached XP level 6. HP: 14/28 MP: 10/18
   253 | D        | Killed a white draconian scorcher
   364 | D        | Killed a white draconian scorcher
   392 | D        | Found a stormy altar of Qazlal.
   392 | D        | Found a sacrificial altar of Ru.
   392 | D        | Found a burning altar of Makhleb.
   392 | D        | Found a shimmering altar of Xom.
   392 | D        | Noticed a spatial vortex
   393 | D        | Found a viscous altar of Jiyva.
   393 | D        | Found a shadowy altar of Dithmenos.
   393 | D        | Found a sparkling altar of Nemelex Xobeh.
   393 | D        | Found a corrupted altar of Lugonu.
   393 | D        | Found an opulent altar of Gozag.
   400 | D        | Became a worshipper of Dithmenos the Shadowed
   428 | D        | Killed a spatial vortex
   453 | D        | Found a radiant altar of Vehumet.
   454 | D        | Found a deep blue altar of Sif Muna.
   454 | D        | Found an ancient bone altar of Kikubaaqudgha.
   454 | D        | Noticed a wizard
   455 | D        | Killed a wizard
   457 | D        | Reached skill level 10 in Dodging
   470 | D        | Learned a level 3 spell: Passwall
   475 | D        | Learned a level 4 spell: Passage of Golubria
   489 | D        | Found a glowing silver altar of Zin.
   490 | D        | Found a glowing golden altar of the Shining One.
   490 | D        | Found a white marble altar of Elyvilon.
   490 | D        | Noticed a deep elf priest
   500 | D        | Killed a deep elf priest
   500 | D        | Reached skill level 12 in Stealth
   500 | D        | Reached skill level 1 in Transmutations
   500 | D        | Reached skill level 1 in Earth Magic
   500 | D        | Reached skill level 1 in Invocations
   500 | D        | Reached XP level 7. HP: 22/32 MP: 12/20
   701 | D        | Found an iron altar of Okawaru.
   702 | D        | Found a bloodstained altar of Trog.
   702 | D        | Noticed a human
   702 | D        | Noticed a human
   712 | D        | Killed a human
   717 | D        | Killed a human
   717 | D        | Reached XP level 8. HP: 31/36 MP: 10/22
   759 | D        | Found a snail-covered altar of Cheibriados.
   759 | D        | Noticed a necrophage
   764 | D        | Noticed a necromancer
   771 | D        | Killed a necromancer
   771 | D        | Acquired Dithmenos's first power
   772 | D        | Found a basalt altar of Yredelemnul.
   772 | D        | Found a blossoming altar of Fedhas.
   787 | D        | Killed a necrophage
   787 | D        | Reached skill level 13 in Stealth
   855 | D        | Learned a level 5 spell: Lee's Rapid Deconstruction
   860 | D        | Noticed a two-headed ogre
   860 | D        | Noticed a two-headed ogre
   864 | D        | Killed a two-headed ogre
   864 | D        | Reached skill level 10 in Spellcasting
   866 | D        | Killed a two-headed ogre
   868 | D        | Noticed a two-headed ogre
   869 | D        | Killed a two-headed ogre
   875 | D        | Noticed a hill giant
   878 | D        | Killed a hill giant
   878 | D        | Acquired Dithmenos's second power
   884 | D        | Noticed a hill giant
   884 | D        | Noticed Erolcha
   886 | D        | Killed Erolcha
   886 | D        | Reached skill level 14 in Stealth
   886 | D        | Reached skill level 5 in Translocations
   886 | D        | Reached skill level 5 in Ice Magic
   886 | D        | Reached XP level 9. HP: 39/39 MP: 24/24
   887 | D        | Killed a hill giant
   897 | D        | Noticed a redback
   897 | D        | Noticed a trapdoor spider
   900 | D        | Killed a redback
   900 | D        | Acquired Dithmenos's third power
   900 | D        | Reached skill level 5 in Transmutations
   908 | D        | Learned a level 6 spell: Invisibility
   918 | D        | Noticed a trapdoor spider
   922 | D        | Killed a trapdoor spider
   941 | D        | Killed a trapdoor spider
  1008 | D        | Noticed a killer bee
  1008 | D        | Noticed a killer bee
  1008 | D        | Noticed a killer bee
  1008 | D        | Noticed a killer bee
  1008 | D        | Noticed a killer bee
  1008 | D        | Noticed a killer bee
  1008 | D        | Noticed a killer bee
  1008 | D        | Noticed a killer bee
  1008 | D        | Noticed a killer bee
  1008 | D        | Noticed a killer bee
  1008 | D        | Noticed a killer bee
  1008 | D        | Noticed a killer bee
  1008 | D        | Noticed a killer bee
  1008 | D        | Noticed a killer bee
  1008 | D        | Noticed a killer bee
  1009 | D        | Noticed a killer bee
  1009 | D        | Noticed a killer bee
  1009 | D        | Noticed a killer bee
  1009 | D        | Noticed a killer bee
  1009 | D        | Noticed a killer bee
  1009 | D        | Noticed a killer bee
  1009 | D        | Noticed a killer bee
  1009 | D        | Noticed a killer bee
  1009 | D        | Noticed a killer bee
  1009 | D        | Noticed a killer bee
  1009 | D        | Noticed a killer bee
  1009 | D        | Noticed a killer bee
  1009 | D        | Noticed a killer bee
  1009 | D        | Noticed a queen bee
  1009 | D        | Noticed a killer bee
  1009 | D        | Noticed a killer bee
  1009 | D        | Noticed a killer bee
  1009 | D        | Noticed a killer bee
  1010 | D        | Killed a killer bee
  1011 | D        | Killed a killer bee
  1015 | D        | Killed a killer bee
  1017 | D        | Killed a killer bee
  1017 | D        | Acquired Dithmenos's fourth power
  1019 | D        | Killed a killer bee
  1021 | D        | Killed a killer bee
  1024 | D        | Killed a killer bee
  1026 | D        | Killed a killer bee
  1028 | D        | Killed a killer bee
  1030 | D        | Killed a killer bee
  1032 | D        | Killed a killer bee
  1036 | D        | Killed a killer bee
  1038 | D        | Killed a killer bee
  1177 | D        | Killed a killer bee
  1189 | D        | Killed a killer bee
  1206 | D        | Killed a killer bee
  1235 | D        | Killed a killer bee
  1398 | D        | Killed a killer bee
  1413 | D        | Killed a killer bee
  1415 | D        | Killed a killer bee
  1427 | D        | Killed a killer bee
  1679 | D        | Killed a killer bee
  1685 | D        | Killed a killer bee
  1704 | D        | Killed a killer bee
  1708 | D        | Killed a killer bee
  1715 | D        | Killed a killer bee
  1715 | D        | Reached skill level 15 in Stealth
  1721 | D        | Killed a killer bee
  1721 | D        | Reached XP level 10. HP: 38/44 MP: 11/26
  1795 | D        | Killed a killer bee
  1812 | D        | Killed a killer bee
  1820 | D        | Killed a killer bee
  1845 | D        | Killed a queen bee
  1845 | D        | Reached skill level 5 in Conjurations
  1848 | D        | Killed a killer bee
  1850 | D        | Killed a killer bee
  1994 | D        | Noticed Dowan
  1994 | D        | Noticed Duvessa
  1995 | D        | Killed Dowan
  1995 | D        | Reached skill level 5 in Invocations
  2036 | D        | Killed Duvessa
  2057 | D        | Noticed a wandering mushroom
  2058 | D        | Noticed a wandering mushroom
  2058 | D        | Noticed a wandering mushroom
  2059 | D        | Killed a wandering mushroom
  2061 | D        | Killed a wandering mushroom
  2061 | D        | Reached skill level 16 in Stealth
  2062 | D        | Killed a wandering mushroom
  2062 | D        | Reached skill level 5 in Earth Magic
  2068 | D        | Noticed a spiny frog
  2068 | D        | Noticed a komodo dragon
  2068 | D        | Noticed a spiny frog
  2073 | D        | Killed a spiny frog
  2074 | D        | Killed a komodo dragon
  2074 | D        | Reached skill level 10 in Hexes
  2075 | D        | Killed a spiny frog
  2107 | D        | Noticed a redback
  2109 | D        | Killed a redback
  2110 | D        | Noticed a brain worm
  2113 | D        | Killed a brain worm
  2113 | D        | Reached XP level 11. HP: 47/47 MP: 29/29
  2121 | D        | Learned a level 6 spell: Iron Shot
  2123 | D        | Noticed a brain worm
  2125 | D        | Killed a brain worm
  2132 | D        | Noticed a lindwurm
  2134 | D        | Noticed a redback
  2135 | D        | Killed a lindwurm
  2137 | D        | Killed a redback
  2137 | D        | Reached skill level 15 in Dodging
  2142 | D        | Noticed a redback
  2143 | D        | Killed a redback
  2144 | D        | Noticed Maud
  2151 | D        | Killed Maud
  2151 | D        | Reached skill level 17 in Stealth
  2414 | D        | Noticed a swamp drake
  2414 | D        | Noticed a fire drake
  2416 | D        | Killed a fire drake
  2419 | D        | Killed a swamp drake
  2473 | D        | Noticed a blink frog
  2473 | D        | Noticed a blink frog
  2474 | D        | Noticed a blink frog
  2474 | D        | Noticed a blink frog
  2474 | D        | Noticed a blink frog
  2478 | D        | Killed a blink frog
  2482 | D        | Killed a blink frog
  2486 | D        | Killed a blink frog
  2489 | D        | Killed a blink frog
  2491 | D        | Killed a blink frog
  2593 | D        | Noticed Rupert
  2595 | D        | Killed Rupert
  2620 | D        | Noticed a death yak
  2621 | D        | Noticed a death yak
  2625 | D        | Noticed a death yak
  2626 | D        | Noticed a blink frog
  2626 | D        | Noticed a death yak
  2628 | D        | Noticed a blink frog
  2630 | D        | Noticed a blink frog
  2888 | D        | Noticed an orc warrior
  2889 | D        | Noticed an orc high priest
  2889 | D        | Noticed an orc sorcerer
  2889 | D        | Noticed an orc wizard
  2889 | D        | Noticed an orc wizard
  2889 | D        | Noticed an orc warrior
  2889 | D        | Noticed an orc priest
  2889 | D        | Noticed an orc wizard
  2889 | D        | Noticed an orc sorcerer
  2889 | D        | Noticed an orc wizard
  2889 | D        | Found Ynul's Distillery.
  2891 | D        | Killed an orc high priest
  2891 | D        | Reached skill level 18 in Stealth
  2891 | D        | Reached skill level 10 in Translocations
  2892 | D        | Killed an orc sorcerer
  2895 | D        | Killed an orc warrior
  2899 | D        | Killed an orc sorcerer
  2904 | D        | Killed an orc wizard
  2904 | D        | Killed an orc wizard
  2904 | D        | Killed an orc priest
  2906 | D        | Killed an orc warrior
  3067 | D        | Killed an orc wizard
  3070 | D        | Killed an orc wizard
  3288 | D        | Noticed a deep elf knight
  3288 | D        | Noticed a deep elf summoner
  3288 | D        | Noticed a deep elf priest
  3288 | D        | Noticed a deep elf knight
  3288 | D        | Noticed a deep elf summoner
  3295 | D        | Noticed a deep elf annihilator
  3297 | D        | Killed a deep elf knight
  3297 | D        | Reached XP level 12. HP: 51/51 MP: 31/31
  3299 | D        | Killed a deep elf priest
  3299 | D        | Reached skill level 10 in Transmutations
  3301 | D        | Killed a deep elf knight
  3303 | D        | Killed a deep elf summoner
  3304 | D        | Killed a deep elf summoner
  3305 | D        | Noticed a deep elf demonologist
  3308 | D        | Noticed a deep elf demonologist
  3308 | D        | Noticed a deep elf annihilator
  3311 | D        | Noticed an Executioner
  3312 | D        | Noticed a blizzard demon
  3479 | D        | Noticed a deep elf blademaster
  3538 | D        | Noticed an orc high priest
  3538 | D        | Noticed an orc high priest
  3539 | D        | Noticed an orc high priest
  3590 | D        | Killed an orc high priest
  3624 | D        | Killed an orc high priest
  3853 | D        | Killed an orc high priest
  3871 | D        | Noticed a spriggan defender
  3881 | D        | Killed a spriggan defender
  3922 | D        | Killed a yaktaur
  3977 | D        | Noticed a spriggan defender
  3979 | D        | Noticed a spriggan defender
  3979 | D        | Noticed an obsidian statue
  3984 | D        | Killed a spriggan defender
  3989 | D        | Killed a spriggan defender
  3989 | D        | Reached skill level 10 in Short Blades
  3989 | D        | Reached skill level 15 in Spellcasting
  4454 | D        | Noticed a yaktaur captain
  4454 | D        | Noticed a yaktaur captain
  4454 | D        | Noticed a yaktaur
  4455 | D        | Killed a yaktaur captain
  4457 | D        | Killed a yaktaur captain
  4457 | D        | Reached skill level 19 in Stealth
  4459 | D        | Killed a yaktaur
  4644 | D        | Noticed an orc high priest
  4655 | D        | Killed an orc high priest
  4675 | D        | Noticed a skeletal warrior
  4680 | D        | Killed a yaktaur
  4686 | D        | Noticed a crystal guardian
  4686 | D        | Noticed a hornet
  4689 | D        | Noticed a spriggan defender
  4689 | D        | Noticed a crystal guardian
  4692 | D        | Killed a crystal guardian
  4692 | D        | Killed a spriggan defender
  4704 | D        | Killed a hornet
  4875 | D        | Killed a crystal guardian
  4879 | D        | Killed a skeletal warrior
  4967 | D        | Killed a wasp
  5026 | D        | Killed an obsidian statue
  5088 | D        | Noticed a fire elementalist statue
  5088 | D        | Noticed an earth elementalist statue
  5092 | D        | Noticed a water elementalist statue
  5092 | D        | Noticed an air elementalist statue
  5111 | D        | Found Gugem's Magic Scroll Emporium.
  5111 | D        | Found Dant's Jewellery Shop.
  5111 | D        | Found Syezy's Antique Armour Boutique.
  5111 | D        | Found Nonwiudy's Magic Scroll Shoppe.
  5111 | D        | Found Suutia's Book Boutique.
  5111 | D        | Found Biasch's Gadget Emporium.
  5111 | D        | Found Tifa's Antique Weapon Shoppe.
  5111 | D        | Found Woixam's Distillery.
  5111 | D        | Found Boveqiun's Book Shop.
  5111 | D        | Found Bopto's Book Emporium.
  5111 | D        | Found Xoilam's Antique Armour Emporium.
  5111 | D        | Found Igaismomn's Food Boutique.
  5154 | D        | Bought the amulet of Xom's Sleight of Hands {Stasis rElec Int+5} for 588 gold pieces
  5154 | D        | Bought the ring of Guilluin {Wiz rElec MR- Dex+6} for 733 gold pieces
  5157 | D        | Bought a scroll of identify for 24 gold pieces
  5157 | D        | Bought a scroll of identify for 24 gold pieces
  5157 | D        | Bought 2 scrolls of identify for 48 gold pieces
  5197 | D        | Killed a fire elementalist statue
  5198 | D        | Noticed an anaconda simulacrum
  5206 | D        | Killed an anaconda simulacrum
  5279 | D        | Noticed Boris
  5395 | D        | Blown up by Boris

Vault maps used:
D:        dungeon_sprint_mu

Action                   |  1- 3 |  4- 6 |  7- 9 | 10-12 || total
-------------------------+-------+-------+-------+-------++-------
Melee: Dagger            |    13 |    41 |   134 |   374 ||   562
 Cast: Ensorcelled Hiber |     2 |     2 |    41 |    45 ||    90
       Confuse           |       |     4 |     5 |    24 ||    33
       Dazzling Spray    |       |       |     8 |    35 ||    43
       Passwall          |       |       |       |     6 ||     6
       Lee's Rapid Decon |       |       |       |    21 ||    21
       Iron Shot         |       |       |       |     2 ||     2
       Invisibility      |       |       |       |     1 ||     1
Invok: Shadow Step       |       |       |     1 |     7 ||     8
  Use: Potion            |     3 |       |     2 |     2 ||     7
       Scroll            |     2 |       |       |     6 ||     8
 Stab: Sleeping          |     6 |     4 |    29 |    42 ||    81
       Confused          |       |     2 |     4 |     5 ||    11
       Invisible         |       |       |     2 |     8 ||    10
       Held in net/web   |       |       |     2 |       ||     2
       Distracted        |       |       |       |     1 ||     1
  Eat: Pizza             |       |       |       |     1 ||     1
       Fruit             |       |       |       |     2 ||     2
       Royal jelly       |       |       |       |     1 ||     1
